 Dungeon Crawl Stone Soup version 0.22-a0-596-gfbd32a6 (webtiles) character file.

1247 Hebeh the Cudgeler (level 8, -12/71 HPs)
             Began as a Minotaur Fighter on July 5, 2018.
             Was an Initiate of Trog.
             Mangled by a small abomination (15 damage)
             ... on level 1 of the Abyss.
             The game lasted 00:10:32 (4163 turns).

Hebeh the Cudgeler (Minotaur Fighter)               Turns: 4163, Time: 00:10:49

Health: -12/71     AC:  9    Str: 23      XL:     8   Next: 25%
Magic:  7/7        EV:  8    Int:  5      God:    Trog [......]
Gold:   380        SH: 10    Dex:  7 (10) Spells: 7/7 levels left

rFire    . . .     SeeInvis .   a - +0 whip (venom)
rCold    . . .     Gourm    .   c - +0 shield
rNeg     . . .     Faith    .   y - +0 scale mail
rPois    .         Spirit   .   (helmet restricted)
rElec    .         Reflect  .   h - +0 cloak
rCorr    .         Harm     .   (no gloves)
MR       .....                  (no boots)
Stlth    ..........             (no amulet)
HPRegen  0.21/turn              (no ring)
MPRegen  0.10/turn              (no ring)

@: no status effects
A: retaliatory headbutt, horns 2
a: Renounce Religion


You were on level 1 of the Abyss.
You worshipped Trog.
Trog was noncommittal.
You were not hungry.

You visited 2 branches of the dungeon, and saw 7 of its levels.
You visited the Abyss 1 time.

You collected 380 gold pieces.

Inventory:

Hand Weapons
 a - a +0 whip of venom (weapon)
 b - a +0 hunting sling
 m - a +0 war axe
Missiles
 i - 133 stones
 D - 6 sling bullets (quivered)
Armour
 c - a +0 shield (worn)
 h - a +0 cloak (worn)
 y - a +0 scale mail (worn)
 C - a +0 pair of boots
Jewellery
 A - an uncursed amulet of regeneration {unknown}
Wands
 G - a wand of flame (21)
Scrolls
 k - 2 scrolls of blinking {unknown}
 l - 4 scrolls of teleportation {unknown}
 n - 2 scrolls of immolation {unknown}
 p - a scroll of magic mapping {unknown}
 r - a scroll of fear {unknown}
 s - 2 scrolls of enchant weapon {unknown}
 t - 5 scrolls of identify {unknown}
 u - 5 scrolls of remove curse {unknown}
 w - a scroll of enchant armour {unknown}
Potions
 d - 4 potions of might
 e - 4 potions of agility {unknown}
 g - 3 potions of berserk rage {unknown}
 j - a potion of experience {unknown}
 o - 2 potions of degeneration {unknown}
 q - 2 potions of invisibility {unknown}
 v - 4 potions of curing {unknown}
 x - a potion of mutation {unknown}
 z - a potion of resistance {unknown}
 E - a potion of heal wounds {unknown}
 F - a potion of haste {unknown}
Comestibles
 f - 10 rations


   Skills:
 + Level 6.3 Fighting
 - Level 2.9(5.4) Axes
 * Level 7.1(7.4) Maces & Flails
 + Level 1.0 Slings
 + Level 6.4 Armour
 + Level 6.3 Shields
 + Level 0.6 Evocations


You had 7 spell levels left.
You didn't know any spells.
Your spell library contained the following spells:

 Spells                   Type           Power        Failure   Level  Hunger
 Magic Dart               Conj           #...         98%         1    ##.....
 Conjure Flame            Conj/Fire      #.......     100%        3    ####...
 Slow                     Hex            #.......     99%         2    ###....
 Mephitic Cloud           Conj/Pois/Air  #.......     100%        3    ####...
 Blink                    Tloc           N/A          99%         2    ###....
 Call Imp                 Summ           #.......     99%         2    ###....


Dungeon Overview and Level Annotations

Branches:
Dungeon (6/15)             Temple (1/1) D:5

Altars:
Ashenzari
Fedhas
Makhleb
Trog
Vehumet
Wu Jian

Shops:
D:5 :


Innate Abilities, Weirdness & Mutations

You reflexively headbutt those who attack you in melee.
You have a pair of horns on your head.


Message History

A starspawn tentacle comes into view.
The blink frog gives a loud, deep croak!
You hit the small abomination.
The small abomination is lightly damaged.
The thrashing horror tramples you!
* * * LOW HITPOINT WARNING * * *
You hold your ground!
You block the thrashing horror's attack.
The ufetubus hits you but does no damage.
You block the ufetubus's attack. The small abomination hits you.
* * * LOW HITPOINT WARNING * * *
A starspawn tentacle comes into view.
Your shield prevents you from hitting the small abomination.
You headbutt the small abomination!
The small abomination is heavily damaged.
The ufetubus hits you.
* * * LOW HITPOINT WARNING * * *
The ufetubus hits you but does no damage.
The small abomination hits you!
You die...

.......
..................
#.................
.................
..... ........─.
..##..##.. .X# #
.5##..##..##.w##│.#
.53..55..X55...w...
5...53.5..5@x......
.##5.##.X##.§##..#
.##..##..# ..# .
........ .....
...............F.
..##..##..##..##§.#
. ##..##..# ..# ..#
. ......... ... ..


You could see a tentacled starspawn, a thrashing horror, a large abomination, a
blink frog, a ynoxinul, a small abomination, 2 starspawn tentacles, a white imp
and 7 ufetubi.

Vanquished Creatures
  A black bear (D:6)
  A necrophage (D:5)
  A sky beast (D:5)
  A centaur (D:5)
  4 ogres
  A quasit (Abyss:1)
  3 jellies (D:6)
  Crazy Yiuf (D:4)
  2 orc priests (D:3)
  3 orc wizards
  2 worker ants
  9 adders
  A shadow imp (D:5)
  An ooze (D:5)
  An adder zombie (D:5)
  3 worms
  8 leopard geckos
  8 orcs
  5 giant cockroaches
  5 hobgoblins
  10 jackals
  10 kobolds
  2 quokkas
  4 ball pythons
  8 bats
  3 frilled lizards
  8 goblins
  A jackal zombie (D:6)
  A quokka skeleton (D:6)
  9 rats
117 creatures vanquished.

Notes
Turn   | Place    | Note
-------+----------+-------------------------------------------
     0 | D:1      | Hebeh the Minotaur Fighter began the quest for the Orb.
     0 | D:1      | Reached XP level 1. HP: 19/19 MP: 0/0
   150 | D:1      | Reached XP level 2. HP: 22/27 MP: 1/1
   576 | D:2      | Found a faded altar of an unknown god.
   602 | D:2      | Reached skill level 1 in Maces & Flails
   613 | D:2      | Reached XP level 3. HP: 24/33 MP: 2/2
  1091 | D:2      | Reached skill level 2 in Maces & Flails
  1251 | D:3      | Reached XP level 4. HP: 40/40 MP: 3/3
  1505 | D:3      | Reached skill level 3 in Maces & Flails
  1540 | D:3      | Reached XP level 5. HP: 46/47 MP: 4/4
  1874 | D:4      | Reached skill level 4 in Maces & Flails
  1874 | D:4      | Reached XP level 6. HP: 25/55 MP: 5/5
  2057 | D:4      | Found a radiant altar of Vehumet.
  2113 | D:4      | Reached skill level 5 in Fighting
  2113 | D:4      | Reached skill level 5 in Armour
  2113 | D:4      | Reached skill level 5 in Shields
  2126 | D:4      | Found a runed door.
  2517 | D:4      | Noticed Crazy Yiuf
  2523 | D:4      | Killed Crazy Yiuf
  2605 | D:5      | Entered Level 5 of the Dungeon
  2609 | D:5      | Found Mus Gug's Book Boutique.
  2652 | D:5      | Reached skill level 5 in Maces & Flails
  2652 | D:5      | Reached XP level 7. HP: 61/61 MP: 6/6
  2968 | D:5      | Reached skill level 6 in Maces & Flails
  3168 | D:5      | Found a staircase to the Ecumenical Temple.
  3174 | Temple   | Entered the Ecumenical Temple
  3195 | Temple   | Became a worshipper of Trog the Wrathful
  3351 | D:5      | Found a blossoming altar of Fedhas.
  3539 | D:6      | Reached XP level 8. HP: 55/70 MP: 7/7
  3846 | D:6      | Reached skill level 7 in Maces & Flails
  4092 | D:6      | Cast into level 1 of the Abyss (orc warrior)
  4128 | Abyss:1  | Reached skill level 1 in Slings
  4146 | Abyss:1  | Noticed a thrashing horror
  4153 | Abyss:1  | Noticed a large abomination
  4160 | Abyss:1  | Noticed a tentacled starspawn
  4161 | Abyss:1  | Noticed a blink frog
  4162 | Abyss:1  | HP: 3/71 [small abomination (5)]
  4163 | Abyss:1  | Mangled by a small abomination

Vault maps used:
D:1:      mrwooster_arrival_statue_3
D:2:      chequers_ecumenical_altar_simple
D:3:      first_ration
D:4:      old_standard_altar, eino_curves_04, uniq_crazy_yiuf_cottage
D:5:      kennysheep_mini_moat, minmay_temple_entry_nine_rooms, serial_shops,
          shop, dk_noncrumbling_2, item_on_display_a
D:6:      uniq_grinder
Temple:   minmay_crystal_spiral_temple
Abyss:1:  hangedman_abyss_or_decor_slice

Skill      XL: |  1  2  3  4  5  6  7  8 |
---------------+-------------------------+-----
Maces & Flails | 1 2 3 4 5 6 7 |  7.1
Fighting       | 4 5 6 |  6.3
Shields        | 4 5 6 |  6.3
Armour         | 4 5 6 |  6.4
Slings         | 1 |  1.0
Axes           | |  2.9
Evocations     | |  0.6

Action                   |  1- 3 |  4- 6 |  7- 9 || total
-------------------------+-------+-------+-------++-------
Melee: War axe           |    13 |       |    10 ||    23
       Headbutt          |    15 |    27 |    20 ||    62
       Whip              |    84 |   124 |    96 ||   304
 Fire: Hunting sling     |       |       |    17 ||    17
  Eat: Chunk             |     1 |     5 |     1 ||     7
       Ration            |       |       |     1 ||     1
Armor: Scale mail        |    43 |    44 |    70 ||   157
Dodge: Dodged            |    23 |    44 |    52 ||   119
Block: Shield            |    60 |    56 |    90 ||   206

Table legend:
 A = Spawn XP
 B = Non-spawn XP
 C = Spawn XP percentage of total XP
 D = Spawn monster count
 E = Non-spawn monster count
 F = Spawn count percentage of total count
 G = Total turns spent on level
                    A         B        C        D         E        F      G
               +---------+---------+-------+---------+---------+-------+---------
         Total |      45 |    1737 |   2.5 |       1 |     116 |   0.9 |  4163
               +---------+---------+-------+---------+---------+-------+---------
           D:1 |       0 |      23 |   0.0 |       0 |      17 |   0.0 |   563
           D:2 |       0 |      64 |   0.0 |       0 |      26 |   0.0 |   672
           D:3 |       0 |     232 |   0.0 |       0 |      33 |   0.0 |   549
           D:4 |       0 |     291 |   0.0 |       0 |      10 |   0.0 |   821
           D:5 |       0 |     703 |   0.0 |       0 |      12 |   0.0 |   799
           D:6 |       0 |     424 |   0.0 |       0 |      18 |   0.0 |   647
       Abyss:1 |      45 |       0 | 100.0 |       1 |       0 | 100.0 |    71
               +---------+---------+-------+---------+---------+-------+---------
